 Dungeon Crawl Stone Soup version 0.30-a0-591-g3c58d2bc28 (webtiles) character file.

Game seed: 3357828166993869475

679 Dirtsage the Changer (level 7, 0/51 HPs)
             Began as an Octopode Transmuter on Jan 4, 2023.
             Killed from afar by Dowan (7 damage)
             ... with a stone arrow
             ... on level 4 of the Dungeon.
             The game lasted 00:07:26 (3201 turns).

Dirtsage the Changer (Octopode Transmuter)          Turns: 3201, Time: 00:07:27

Health: 0/51       AC:  7    Str:  9    XL:     7   Next: 60%
Magic:  0/19       EV: 10    Int: 17    God:
Gold:   156        SH:  0    Dex: 13    Spells: 3/10 levels left

rFire   x . .      SeeInvis .      - Unarmed
rCold   + + +      Faith    .    (shield currently unavailable)
rNeg    . . .      Spirit   +    (helmet currently unavailable)
rPois   +          Reflect  .    y - amulet of guardian spirit
rElec   .          Harm     .    u - ring of magical power
rCorr   .          Rampage  .    (no ring)
Will    .....                    (no ring)
Stlth   +                        (no ring)
HPRegen 0.28/turn                (no ring)
MPRegen 0.16/turn                (no ring)
                                 (no ring)
                                 (no ring)

@: ice-form (expiring)
A: freezing attack, boosted hp, almost no armour, amphibious, 8 rings, large,
(camouflage 1), (gelatinous body 1), (nimble swimmer 1), (tentacles)
a: End Transformation


You were on level 4 of the Dungeon.
You were a creature of crystalline ice.
You visited 1 branch of the dungeon, and saw 4 of its levels.

You collected 156 gold pieces.

Inventory:

Magical Staves
 r - a staff of conjuration
Jewellery
 u - a ring of magical power (left front paw)
 y - an amulet of guardian spirit (around neck)
Scrolls
 b - 3 scrolls of blinking {unknown}
 c - 4 scrolls of teleportation {unknown}
 d - a scroll of noise {unknown}
 f - 2 scrolls of enchant weapon {unknown}
 g - 3 scrolls of identify {unknown}
 i - a scroll of magic mapping {unknown}
 k - a scroll of amnesia {unknown}
 q - a scroll of poison {unknown}
 t - a scroll of summoning {unknown}
 v - a scroll of enchant armour {unknown}
 x - a scroll of fear {unknown}
Potions
 a - 2 potions of lignification
 e - 2 potions of heal wounds {unknown}
 h - a potion of brilliance {unknown}
 j - 2 potions of flight {unknown}
 l - 2 potions of might {unknown}
 m - 4 potions of curing {unknown}
 n - 2 potions of experience {unknown}
 o - a potion of resistance {unknown}
 p - 2 potions of invisibility {unknown}
 s - a potion of cancellation {unknown}
 w - 2 potions of attraction {unknown}


   Skills:
 - Level 1.0 Fighting
 - Level 2.0 Dodging
 - Level 3.0 Unarmed Combat
 - Level 2.0 Spellcasting
 * Level 6.0 Transmutations
 * Level 5.5 Ice Magic


You had 3 spell levels left.
You knew the following spells:

 Your Spells              Type           Power      Damage    Failure   Level
a - Beastly Appendage     Tmut           44%        N/A       1%          1
b - Wereblood             Tmut           22%        N/A       2%          2
c - Ice Form              Ice/Tmut       21%        N/A       19%         4

Your spell library contained the following spells:

 Spells                   Type           Power      Damage    Failure   Level
 Spider Form              Tmut/Pois      11%        N/A       17%         3
 Sublimation of Blood     Necr           1%         N/A       28%         2
 Summon Hydra             Summ           0%         N/A       100%        7


Dungeon Overview and Level Annotations

Branches:
Dungeon (4/15)
 Temple: D:4-7

Altars:

Shops:
D:3 (

Annotations:
D:4 Dowan


Innate Abilities, Weirdness & Mutations

You are a creature of crystalline ice.
You have a powerful freezing melee attack.
Your maximum health is increased.
Your armour is entirely melded.
You are incapable of wielding weapons or throwing items.
You cannot wear most types of armour.
You are amphibious.
You can wear up to eight rings at the same time.
((Your skin changes colour to match your surroundings (Stealth+).))
((Your rubbery body absorbs attacks. (AC +1, EV +1)))
((You are camouflaged when in or above water. (Stealth+)))
((You have tentacles for arms and can constrict up to eight enemies at once.))


Message History

Duvessa gestures with her weapon.
Duvessa hits you with a +0 short sword. Dowan gestures at you while chanting.
You resist with some effort.
You take 3 damage, and have 32/51 hp.
You now have 11/19 mp.
You hit Duvessa. You freeze Duvessa.
Duvessa is almost dead.
Duvessa hits you with a +0 short sword! Dowan hits you with a +0 dagger.
You take 7 damage, and have 25/51 hp.
You now have 8/19 mp.
You hit Duvessa but do no damage.
Duvessa is almost dead.
Your transformation is almost over.
Duvessa hits you with a +0 short sword! Dowan closely misses you.
You take 5 damage, and have 20/51 hp.
You now have 7/19 mp.
You punch Duvessa! You freeze Duvessa.
You kill Duvessa!
Dowan seems overcome with grief.
Dowan seems to find hidden reserves of power!
Dowan barely misses you.
Your Transmutations skill increases to level 6!
You hit Dowan. You freeze Dowan.
Dowan is severely wounded.
Dowan hits you with a +0 dagger. The giant cockroach bites you.
Dowan barely misses you.
You take 2 damage, and have 18/51 hp.
You now have 7/19 mp.
You closely miss Dowan.
Dowan is severely wounded.
The giant cockroach closely misses you.
Dowan points at you and mumbles some strange words.
The stone arrow hits you!
* * * LOW HITPOINT WARNING * * *
You take 12 damage, and have 6/51 hp.
MASSIVE DAMAGE!!
You now have 3/19 mp.
You hit Dowan. You freeze Dowan.
Dowan is almost dead.
Dowan points at you and mumbles some strange words.
The stone arrow misses you.
The giant cockroach bites you but does no damage.
Dowan points at you and mumbles some strange words.
The stone arrow hits you!
You die...

#.# ##. ##### #.# .# #.... #.# .#
#.### #.# .# #†# #.##########.##
#.# #...<.........# #.#
#...###..>....# #.# #..##
#.##B..# #.# #..# #.eY...# #.###
#..## ##.##.#.#########...#
#####...###.###.#...........#.#
###................[.######.#.#..
............#####.##$ #...#....
>........#........> #.###.#.#
#######.#########.# #..[..#..
#..†...... .# ###)###.#
########## #.....#


You could see Dowan (fast) and a giant cockroach.

Vanquished Creatures
  Duvessa (D:4)
  A sky beast (D:4)
  2 phantoms (D:4)
  A scorpion (D:4)
  A hound (D:4)
  3 iguanas (D:4)
  An orc wizard (D:4)
  5 adders
  2 ufetubi (D:4)
  A worm (D:3)
  2 dart slugs
  6 orcs
  3 ball pythons
  7 endoplasms
  4 giant cockroaches
  5 hobgoblins
  A jackal (D:1)
  4 quokkas
  8 bats
  A frilled lizard (D:3)
  6 goblins
  6 kobolds
  6 rats
77 creatures vanquished.

Notes
Turn   | Place    | Note
-------+----------+-------------------------------------------
     0 | D:1      | Dirtsage the Octopode Transmuter began the quest for the
                  | Orb.
     0 | D:1      | Reached XP level 1. HP: 13/13 MP: 3/3
    49 | D:1      | Reached skill level 1 in Ice Magic
    49 | D:1      | Reached XP level 2. HP: 18/18 MP: 5/5
   193 | D:1      | Found a faded altar of an unknown god.
   246 | D:1      | Learned a level 2 spell: Wereblood
   694 | D:1      | Reached XP level 3. HP: 22/23 MP: 6/6
  1086 | D:2      | Reached skill level 3 in Transmutations
  1484 | D:3      | Found Kituovio's Weapon Shop.
  1518 | D:3      | Reached XP level 4. HP: 26/28 MP: 7/7
  2356 | D:4      | Noticed Duvessa
  2481 | D:4      | Reached XP level 5. HP: 25/33 MP: 8/8
  2486 | D:4      | Learned a level 4 spell: Ice Form
  2496 | D:4      | Reached skill level 4 in Transmutations
  2650 | D:4      | Reached XP level 6. HP: 38/38 MP: 9/9
  2766 | D:4      | Reached skill level 5 in Transmutations
  3011 | D:4      | Noticed a sky beast
  3023 | D:4      | Reached XP level 7. HP: 43/43 MP: 10/10
  3029 | D:4      | Reached skill level 5 in Ice Magic
  3175 | D:4      | Noticed Dowan
  3198 | D:4      | Killed Duvessa
  3199 | D:4      | Reached skill level 6 in Transmutations
  3201 | D:4      | Killed from afar by Dowan

Illustrated notes

Levels and vault maps discovered:
D:1:      wander_arrival_lonely_grave, layout_loops_ring,
          chequers_ecumenical_altar_simple, minmay_domino_4
D:2:      layout_loops_cross
D:3:      layout_loops_ring, serial_shops,
          nicolae_shop_competitors_out_of_business, roderic_roman_lattice
D:4:      layout_loops_ring, minmay_misc_feat_plants,
          hangedman_abyss_or_decor_stabs, uniq_duvessa

Skill      XL: |  1  2  3  4  5  6  7 |
---------------+----------------------+-----
Ice Magic      | 1 2 3 4 5 |  5.5
Transmutations | 3 4 5 6 |  6.0
Fighting       | |  1.0
Dodging        | |  2.0
Unarmed Combat | |  3.0
Spellcasting   | |  2.0

Action                   |  1- 3 |  4- 6 |  7- 9 || total
-------------------------+-------+-------+-------++-------
Melee: Unarmed           |    80 |   131 |    33 ||   244
       Constrict         |    18 |    25 |     1 ||    44
       Tentacles         |    14 |    19 |       ||    33
       Kick              |     6 |    10 |       ||    16
       Punch             |     2 |     3 |       ||     5
 Cast: Beastly Appendage |     4 |     5 |       ||     9
       Ice Form          |       |     5 |     1 ||     6
  Use: Potion            |       |     1 |       ||     1
 Stab: Sleeping          |    12 |     7 |       ||    19
Armor: Skin              |     5 |    22 |    14 ||    41
Dodge: Dodged            |    41 |    78 |    14 ||   133

Table legend: (Time is in decaauts)
 A = Elapsed time spent in this place.
 B = Non-inter-level travel time spent in this place.
 C = Inter-level travel time spent in this place.
 D = Time resting spent in this place.
 E = Time spent auto-exploring this place.
 F = Levels seen in this place.
 G = Mean time per level.
                   A        B        C        D        E       F      G
               +--------+--------+--------+--------+--------+-----+--------+
         Total |   3185 |   3086 |     99 |     22 |   2478 |   4 |  796.2 |
       Dungeon |   3185 |   3086 |     99 |     22 |   2478 |   4 |  796.2 |
               +--------+--------+--------+--------+--------+-----+--------+

Top non-repeatable levels by time:
     D:3: 868 daAuts
     D:4: 837 daAuts
     D:1: 768 daAuts
     D:2: 710 daAuts
